 Dungeon Crawl Stone Soup version 0.19.1 (webtiles) character file.

759 Host24 the Skirmisher (level 8, -34/53 HPs)
             Began as a Kobold Hunter on Dec 27, 2016.
             Killed from afar by a gnoll (37 damage)
             ... with an exploding inner flame
             ... hexed by the player character
             ... on level 5 of the Dungeon.
             The game lasted 00:09:02 (4384 turns).

Host24 the Skirmisher (Kobold Hunter)               Turns: 4384, Time: 00:09:02

Health: -34/53     AC:  3    Str: 15    XL:     8   Next: 7%
Magic:  6/8        EV: 25    Int: 17    God:
Gold:   211        SH:  0    Dex: 22    Spells: 0 memorised, 7 levels left

rFire  . . .     SeeInvis .     a - +2 hand crossbow
rCold  . . .     Gourm    .     c - +0 leather armour
rNeg   . . .     Faith    .     (shield restricted)
rPois  .         Spirit   .     (no helmet)
rElec  .         Reflect  .     (no cloak)
rCorr  .         Harm     .     (no gloves)
MR     .....                    (no boots)
Stlth  +++.......               (no amulet)
                                (no ring)
                                (no ring)

@: mighty, brilliant, agile
A: carnivore 3
a: no special abilities


You were on level 5 of the Dungeon.
You were completely stuffed.

You visited 1 branch of the dungeon, and saw 5 of its levels.

You collected 211 gold pieces.

Inventory:

Hand Weapons
 a - a +2 hand crossbow (weapon)
 b - a +0 short sword
 s - a +0 hunting sling
 y - the +1 shortbow of Guilt {freeze, rPois rF++ MR- Stlth+}
   (You found it on level 4 of the Dungeon)

   It causes projectiles fired from it to freeze those they strike, causing
   extra injury to most foes and up to half again as much damage against
   particularly susceptible opponents.
   They can also slow down cold-blooded creatures.
   It greatly protects you from fire.
   It protects you from poison.
   It affects your resistance to hostile enchantments.
   It makes you more stealthy.
Missiles
 d - 5 bolts (quivered)
 e - 188 stones
 i - 105 arrows
 n - 62 sling bullets
 t - 17 poisoned needles
Armour
 c - a +0 leather armour (worn)
 r - a +0 leather armour of cold resistance
Jewellery
 q - an uncursed ring of wizardry {unknown}
 u - an uncursed ring of wizardry {unknown}
 v - an uncursed ring of flight {unknown}
 x - a cursed ring of loudness {unknown}
Wands
 A - a wand of random effects (21/48)
Scrolls
 h - a scroll of immolation
 k - a scroll of amnesia
 l - 3 scrolls of identify
 p - 2 scrolls of remove curse
Potions
 o - a potion of brilliance
Comestibles
 f - a meat ration
 j - a beef jerky


   Skills:
 - Level 7.4 Fighting
 - Level 5.0 Crossbows
 + Level 6.6 Dodging
 - Level 1.3 Stealth


You had 7 spell levels left.
You didn't know any spells.

Dungeon Overview and Level Annotations

Branches:
Dungeon (5/15)
 Temple: D:4-7

Altars:
Ru
The Shining One


Innate Abilities, Weirdness & Mutations

You are small and have problems with some larger weapons.
You are carnivorous and can eat meat at any time.


Message History

You shoot a bolt. The bolt hits the gnoll.
The gnoll is moderately wounded.
The gnoll completely misses you. The gnoll closely misses you.
The gnoll completely misses you.
Firing (i - inventory. (,) - cycle):
d - 6 bolts (quivered)
Press: ? - help, Shift-Dir - straight line, f/p - gnoll
Aim: a gnoll, wielding an antimagic spear (lightly wounded, inner flame)
You shoot a bolt. The bolt hits the gnoll.
The gnoll is severely wounded.
The gnoll completely misses you. x2; The gnoll misses you.
The gnoll hits you from afar with an antimagic spear.
* * * LOW HITPOINT WARNING * * *
Firing (i - inventory. (,) - cycle):
d - 5 bolts (quivered)
Press: ? - help, Shift-Dir - straight line, f/p - gnoll
Aim: a gnoll, wielding an antimagic spear (lightly wounded, inner flame)
You shoot a bolt. The bolt hits the gnoll!
The gnoll explodes!
The fiery explosion engulfs you!
Ouch! That really hurt!
You die...

##### ### ....## #@#
.....### #ยง#
.......#########g##
..............##g.#
##................##
####..............###
####.............##
###............#
###.........##


You could see 2 gnolls.

Vanquished Creatures
  Grinder (D:3)
  An ogre (D:4)
  A scorpion (D:4)
  A crimson imp (D:5)
  A centaur zombie (D:4)
  An orc priest (D:4)
  A gnoll shaman (D:5)
  An iguana (D:5)
  6 worker ants (D:4)
  A gnoll (D:5)
  6 adders
  A shadow imp (D:4)
  An ooze (D:2)
  3 worms
  A dart slug (D:1)
  3 leopard geckos
  10 orcs
  A ball python (D:1)
  6 bats
  A giant cockroach (D:4)
  5 goblins
  8 hobgoblins
  10 jackals
  4 frilled lizards
  3 kobolds
  3 rats
81 creatures vanquished.

Notes
Turn   | Place    | Note
-------+----------+-------------------------------------------
     0 | D:1      | Host24 the Kobold Hunter began the quest for the Orb.
     0 | D:1      | Reached XP level 1. HP: 12/12 MP: 1/1
   112 | D:1      | Reached XP level 2. HP: 18/18 MP: 2/2
   129 | D:1      | Reached skill level 3 in Fighting
   362 | D:1      | Reached XP level 3. HP: 20/23 MP: 3/3
   485 | D:1      | Reached skill level 5 in Crossbows
  1163 | D:2      | Reached XP level 4. HP: 21/29 MP: 4/4
  1378 | D:3      | Reached skill level 4 in Fighting
  1628 | D:3      | Noticed Grinder
  1655 | D:3      | Killed Grinder
  1655 | D:3      | Reached skill level 6 in Fighting
  1655 | D:3      | Reached XP level 5. HP: 15/37 MP: 5/5
  1655 | D:3      | Reached XP level 6. HP: 18/42 MP: 6/6
  1911 | D:3      | Found a sacrificial altar of Ru.
  2895 | D:4      | Reached skill level 7 in Fighting
  2944 | D:4      | Reached XP level 7. HP: 23/48 MP: 7/7
  3528 | D:4      | Got a bloodstained shortbow
  3529 | D:4      | Identified the +1 shortbow of Guilt {freeze, rPois rF++ MR- Stlth+} (You found it on level 4 of the Dungeon)
  3666 | D:4      | Reached skill level 5 in Dodging
  3816 | D:4      | Found a glowing golden altar of the Shining One.
  3964 | D:5      | Entered Level 5 of the Dungeon
  4281 | D:5      | Reached XP level 8. HP: 53/53 MP: 8/8
  4384 | D:5      | Killed from afar by a gnoll

Skill      XL: |  1  2  3  4  5  6  7 |
---------------+----------------------+-----
Fighting       | 3 6 7 |  7.4
Dodging        | 3 6 |  6.6
Crossbows      | 5 |  5.0
Stealth        | |  1.3

Action                   |  1- 3 |  4- 6 |  7- 9 || total
-------------------------+-------+-------+-------++-------
Melee: Short sword       |    98 |    92 |    38 ||   228
 Fire: Hand crossbow     |     4 |    40 |    40 ||    84
       Shortbow          |       |       |    45 ||    45
       Hunting sling     |       |       |     1 ||     1
  Use: Scroll            |       |       |     5 ||     5
       Potion            |       |       |     3 ||     3
 Stab: Sleeping          |     4 |     2 |       ||     6
  Eat: Chunk             |     8 |     7 |     4 ||    19
Armor: Leather armour    |    24 |    15 |     7 ||    46
Dodge: Dodged            |    69 |    95 |   106 ||   270
